 Dungeon Crawl Stone Soup version 0.17.1-3-g152610e (webtiles) character file.

331 MirrMurr the Covert (level 6, -1/28 HPs)
             Began as a Spriggan Enchanter on Mar 2, 2016.
             Was an Initiate of Ashenzari.
             Slain by a gnoll
             ... wielding a +0 club
              (5 damage)
             ... on level 4 of the Dungeon.
             The game lasted 00:10:19 (4923 turns).

MirrMurr the Covert (Spriggan Enchanter)            Turns: 4923, Time: 00:10:19

Health: -1/28      AC:  3    Str:  4    XL:     6   Next: 26%
Magic:  11/13      EV: 18    Int: 18    God:    Ashenzari [......]
Gold:   231        SH:  0    Dex: 17    Spells: 4 memorised, 5 levels left

rFire  . . .     SeeInvis +     a - +2 dagger
rCold  . . .     Clarity  .     b - +1 robe (curse)
rNeg   . . .     SustAt   +     (shield restricted)
rPois  .         Gourm    .     (helmet restricted)
rElec  .         Spirit   .     (no cloak)
rCorr  +         Warding  .     (gloves unavailable)
rMut   .         Stasis   .     (boots unavailable)
MR     +....                    l - amulet of resist corrosion
Stlth  +++++.....               (no ring)
                                g - ring of sustain attributes

@: very quick, somewhat resistant to hostile enchantments, quite stealthy
A: unfitting armour, see invisible, herbivore 3, speed 3, slow metabolism 2
a: Renounce Religion


You were on level 4 of the Dungeon.
You worshipped Ashenzari.
Ashenzari was noncommittal.
You were full.

You visited 1 branch of the dungeon, and saw 4 of its levels.

You collected 231 gold pieces.

Inventory:

Hand Weapons
 a - a +2 dagger (weapon)
Missiles
 f - 222 stones (quivered)
 k - 15 poisoned needles
Armour
 b - a cursed +1 robe (worn)
Jewellery
 g - a ring of sustain attributes (left hand)
 l - an amulet of resist corrosion (around neck)
Scrolls
 m - 2 scrolls of curse armour
 r - 2 scrolls of remove curse
Potions
 e - 2 potions of brilliance
 h - 2 potions of curing {unknown}
 i - a potion of agility {unknown}
Books
 c - a book of Maledictions

   Spells                             Type                      Level
   a - Corona                         Hexes                        1
   b - Ensorcelled Hibernation        Hexes/Ice                    2
   c - Confuse                        Hexes                        3
   d - Tukima's Dance                 Hexes                        3
   e - Dazzling Spray                 Conjuration/Hexes            3
Comestibles
 d - 2 bread rations
 j - 7 fruits


   Skills:
 - Level 1.1 Short Blades
 - Level 3.0 Dodging
 * Level 9.7 Stealth
 + Level 4.6 Spellcasting
 - Level 3.6 Hexes


You had 5 spell levels left.
You knew the following spells:

 Your Spells              Type           Power        Failure   Level  Hunger
a - Ensorcelled Hibernat  Hex/Ice        ##....       12%         2    #......
b - Confuse               Hex            ###.....     12%         3    ###....
c - Corona                Hex            ###....      3%          1    None
d - Dazzling Spray        Conj/Hex       ##......     24%         3    ###....


Dungeon Overview and Level Annotations

Branches:
Dungeon (4/15)
 Temple: D:4-7

Altars:
Ashenzari
Nemelex Xobeh
Okawaru


Innate Abilities, Weirdness & Mutations

You are tiny and cannot use many weapons and most armour.
You have supernaturally acute eyesight.
You are a herbivore.
You cover ground extremely quickly.
You need consume almost no food.


Message History

The gnoll completely misses you. The goblin barely misses you.
The goblin closely misses you.
You closely miss the goblin.
The goblin is moderately wounded.
The gnoll hits you with a club. The goblin barely misses you.
The goblin barely misses you.
You hit the goblin.
You kill the goblin!
The gnoll hits you with a club.
Casting: Dazzling Spray
Confirm with . or Enter, or press ? or * to list all spells.
Aiming: Ensorcelled Hibernation
Press: ? - help, Shift-Dir - straight line, f - gnoll
Aim: a gnoll, wielding a club (chance to defeat MR: 50%)
The gnoll resists with some effort.
The goblin hits you with a club.
* * * LOW HITPOINT WARNING * * *
The hobgoblin hits you with a club.
* * * LOW HITPOINT WARNING * * *
The gnoll hits you with a club.
You die...

### ###############...#
..............#...#
..............#...#
).............##'# ...#####
#......# )..# #.)....#
...########......#
........))....##@#
....)...))....#ggg#
.........)....#.gg#≈≈≈≈≈≈≈≈≈#
###############...#≈≈≈≈≈≈≈≈≈#
≈≈≈≈≈≈≈≈≈≈≈≈≈≈#####≈≈≈≈≈≈≈≈≈#
≈≈≈≈≈≈≈≈≈≈≈≈≈≈≈≈≈≈≈≈≈≈≈≈≈≈≈≈#
≈≈≈≈≈≈≈≈≈≈≈≈≈≈≈≈≈≈≈≈≈≈≈≈≈≈≈≈#
≈≈....≈≈≈≈[≈..≈≈≈≈≈≈≈≈.≈≈.≈≈#
............................#


You could see a gnoll, 2 hobgoblins and 2 goblins.

Vanquished Creatures
  A scorpion (D:4)
  A hound (D:4)
  An iguana (D:4)
  6 adders
  5 gnolls (D:4)
  2 oozes
  2 worms
  6 giant geckos
  3 orcs (D:4)
  A ball python (D:3)
  10 bats
  19 hobgoblins
  7 kobolds
  A quokka (D:3)
  3 giant cockroaches
  4 giant newts
  22 goblins
  8 jackals (D:2)
  A quokka skeleton (D:4)
  10 rats
113 creatures vanquished.

Notes
Turn   | Place    | Note
--------------------------------------------------------------
     0 | D:1      | MirrMurr the Spriggan Enchanter began the quest for the Orb.
     0 | D:1      | Reached XP level 1. HP: 9/9 MP: 5/5
   123 | D:1      | Reached skill level 5 in Stealth
   293 | D:1      | Reached XP level 2. HP: 4/13 MP: 6/6
   603 | D:1      | Learned a level 2 spell: Ensorcelled Hibernation
  1039 | D:1      | Reached skill level 6 in Stealth
  1357 | D:2      | Reached XP level 3. HP: 16/16 MP: 8/8
  1386 | D:1      | Learned a level 3 spell: Confuse
  2001 | D:2      | Reached skill level 7 in Stealth
  2334 | D:3      | Reached XP level 4. HP: 14/21 MP: 9/9
  3155 | D:4      | Reached skill level 8 in Stealth
  3459 | D:4      | Reached XP level 5. HP: 24/24 MP: 11/11
  3471 | D:4      | Learned a level 3 spell: Dazzling Spray
  3682 | D:3      | Found a sparkling altar of Nemelex Xobeh.
  3763 | D:4      | Reached skill level 9 in Stealth
  4248 | D:4      | Reached XP level 6. HP: 21/28 MP: 8/13
  4465 | D:4      | Found a shattered altar of Ashenzari.
  4469 | D:4      | Became a worshipper of Ashenzari the Shackled
  4484 | D:4      | Found an iron altar of Okawaru.
  4923 | D:4      | Slain by a gnoll

Action                   |  1- 3 |  4- 6 || total
-------------------------+-------+-------++-------
Melee: Dagger            |   164 |   137 ||   301
Throw: Stone             |       |     2 ||     2
 Cast: Ensorcelled Hiber |     1 |    26 ||    27
       Confuse           |       |     2 ||     2
       Corona            |       |     1 ||     1
       Dazzling Spray    |       |     5 ||     5
  Use: Scroll            |     6 |     3 ||     9
 Stab: Sleeping          |    25 |    22 ||    47
       Distracted        |     1 |     3 ||     4
       Confused          |       |     1 ||     1
  Eat: Bread ration      |       |     1 ||     1
       Pizza             |       |     1 ||     1
